 Dungeon Crawl Stone Soup version 0.31.0-11-ge490571c62 (webtiles) character file.

Game seed: 3688802732476889448

9 browni3141 the Shooter (level 2, 22/22 HPs)
             Began as a Demonspawn Hunter on Jan 31, 2024.
             Got out of the dungeon alive.
             The game lasted 00:00:07 (306 turns).

browni3141 the Shooter (Demonspawn Hunter)           Turns: 306, Time: 00:00:07

Health: 22/22      AC:  3    Str: 11    XL:     2   Next: 6%
Magic:  2/2        EV: 12    Int:  9    God:
Gold:   26         SH:  0    Dex: 16    Spells: 1/1 levels left

rFire   . . .        a - +0 shortbow
rCold   . . .        (shield currently unavailable)
rNeg    . . .        c - +0 leather armour
rPois   .            (no helmet)
rElec   .            (no cloak)
rCorr   .            (no gloves)
SInv    .            (no boots)
Will    .....        (no amulet)
Stlth   ++           (no ring)
HPRegen 0.23/turn    (no ring)
MPRegen 0.08/turn

%: no passive effects
@: no status effects
A: demonic touch 1
a: no special abilities


You escaped.
You visited 1 branch of the dungeon, and saw 1 of its levels.

You collected 26 gold pieces.

Inventory:

Hand Weapons
 a - a +0 shortbow (weapon)
Armour
 c - a +0 leather armour (worn)
Scrolls
 b - a scroll of butterflies
 d - a scroll of immolation {unknown}


   Skills:
 + Level 2.2 Fighting
 + Level 3.7 Ranged Weapons
 + Level 2.0 Dodging
 + Level 1.2 Stealth


You had one spell level left.
You didn't know any spells.
Your spell library was empty.

Dungeon Overview and Level Annotations

Branches:
Dungeon (1/15)

Altars:


Innate Abilities, Weirdness & Mutations

Your touch may inflict minor irresistible damage on your foes.


Message History

You shoot an arrow.
The arrow hits the endoplasm but does no damage.
The endoplasm is severely wounded.
The endoplasm hits you but does no damage.
An endoplasm is nearby!
An endoplasm is nearby!
You shoot an arrow.
The arrow hits the endoplasm but does no damage.
The endoplasm is severely wounded.
The endoplasm freezes you.
You are frozen.
You shoot an arrow. The arrow hits the endoplasm.
You kill the endoplasm!
Your Stealth skill increases to level 1!
HP restored.
You now have 7 gold pieces.
A kobold comes into view. It is wielding a +0 short sword.
You shoot an arrow. The arrow hits the kobold.
You kill the kobold!
Things that are here:
a +0 short sword; a kobold corpse A rat comes into view.
You shoot an arrow. The arrow hits the rat.
You kill the rat!
A hobgoblin comes into view.
A hobgoblin is nearby!
You shoot an arrow. The arrow hits the hobgoblin.
The hobgoblin shouts!
The hobgoblin is severely wounded.
A hobgoblin is nearby!
You shoot an arrow. The arrow closely misses the hobgoblin.
The hobgoblin hits you.
A hobgoblin is nearby!
You shoot an arrow. The arrow hits the hobgoblin.
The hobgoblin is almost dead.
The hobgoblin misses you. The hobgoblin hits you.
A hobgoblin is nearby!
You shoot an arrow. The arrow hits the hobgoblin!
You kill the hobgoblin!
No target in view!
You see here a hobgoblin corpse.
You now have 18 gold pieces (gained 11).
You see here a +1 long sword of electrocution.
An endoplasm comes into view.
You shoot an arrow. The arrow barely misses the endoplasm.
An endoplasm is nearby!
You shoot an arrow.
The arrow hits the endoplasm but does no damage.
An endoplasm is nearby!
You shoot an arrow.
The arrow completely misses the endoplasm.
The endoplasm barely misses you. The endoplasm freezes you.
You are frozen.
An endoplasm is nearby!
You shoot an arrow.
The arrow hits the endoplasm but does no damage.
The endoplasm closely misses you.
You shoot an arrow. The arrow hits the endoplasm.
You kill the endoplasm!
Your Dodging skill increases to level 2!
d - a scroll labelled JIEWNI XA CALL No target in view!
You now have 26 gold pieces (gained 8).
A goblin comes into view. It is wielding a +0 club.
The goblin shouts!
A bat comes into view.
There are monsters nearby!
You shoot an arrow. The arrow misses the goblin.
The arrow hits the bat.
The bat is moderately wounded.
You shoot an arrow.
The arrow hits the goblin but does no damage.
A goblin is nearby!
You shoot an arrow. The arrow closely misses the goblin.
There are monsters nearby!
There are monsters nearby!
You shoot an arrow. The arrow completely misses the goblin.
The goblin hits you but does no damage.
You shoot an arrow. The arrow hits the goblin.
The goblin is heavily wounded.
The goblin closely misses you.
There are monsters nearby!
You shoot an arrow. The arrow barely misses the goblin.
The arrow hits the bat!
You kill the bat!
The goblin misses you. The goblin hits you but does no damage.
You have reached level 2!
You feel monstrous as your demonic heritage exerts itself.
Your demonic ancestry asserts itself...
Your hands begin to faintly glow with unholy energy.
You shoot an arrow.
The arrow hits the goblin but does no damage.
The goblin is heavily wounded.
The goblin barely misses you.
You shoot an arrow. The arrow hits the goblin!
You kill the goblin!
Things that are here:
a +0 short sword; a kobold corpse
There is an open door here.
There is a staircase leading out of the dungeon here.
You have escaped!

###### ### #..... #########.#
#.#### #.......#.######.####
+.>.>.>.+.#........##
#.......#...####.#.##
#########.### #.....
#.......#.# ###.##
+...@...'.# #.## #...
#.......### #... #...#
########## ####
#...####.###.).#### #
#####...##............# .. #
##............##.....#.##....
#
..............##..#..........
# #...........# #.#.#..###...
# #........####.##.#.# #


There were no monsters in sight!

Vanquished Creatures
  2 bats (D:1)
  2 endoplasms (D:1)
  A goblin (D:1)
  A hobgoblin (D:1)
  A kobold (D:1)
  A rat (D:1)
8 creatures vanquished.

Notes
Turn   | Place    | Note
-------+----------+-------------------------------------------
     0 | D:1      | browni3141 the Demonspawn Hunter began the quest for the
                  | Orb.
     0 | D:1      | Reached XP level 1. HP: 16/16 MP: 1/1
    22 | D:1      | Reached skill level 1 in Stealth
   220 | D:1      | Discovered your monstrous ancestry.
   220 | D:1      | Gained mutation: Your touch may inflict minor irresistible
                  | damage on your foes. [demonic ancestry]
   220 | D:1      | Reached XP level 2. HP: 22/22 MP: 2/2
   306 | D:$      | Got out of the dungeon alive.

Illustrated notes

Levels and vault maps discovered:
D:1:      minmay_arrival_up_and_down, layout_loops_cross, minmay_misc_feat_tiny

Skill      XL: |  1 |
---------------+----+-----
Stealth        | 1 |  1.2
Dodging        | 2 |  2.0
Fighting       | |  2.2
Ranged Weapons | |  3.7

Action                     || total
---------------------------++-------
   Fire: Shortbow          ||    26
 Armour: Leather armour    ||     5
  Dodge: Dodged            ||     8
